 Dungeon Crawl Stone Soup version 0.32-a0-872-g59262bdc9b (webtiles) character file.

Game seed: 6202546309810853644

7752 Autsider the Frost Mage (level 11, -4/94 HPs)
             Began as a Naga Ice Elementalist on Mar 30, 2024.
             Was a Priest of Cheibriados.
             Slain by a slime creature (8 damage)
             ... on level 12 of the Dungeon.
             The game lasted 00:35:41 (8928 turns).

Autsider the Frost Mage (Naga Ice Elementalist)     Turns: 8928, Time: 00:35:42

Health: -4/94      AC: 21    Str: 18    XL:     11   Next: 20%
Magic:  20/32      EV:  9    Int: 29    God:    Cheibriados [***...]
Gold:   694        SH:  5    Dex: 25    Spells: 16/26 levels left

rFire   . . .        v - +3 halberd (flame)
rCold   + . .        (shield currently unavailable)
rNeg    . . .        s - +2 robe {rC+}
rPois   +            f - +1 helmet "Cus Alia" {Int+3 Stlth+}
rElec   .            B - +0 cloak
rCorr   .            G - +0 pair of gloves
SInv    +            (no barding)
Will    +....        z - amulet of reflection
Stlth   ++++         k - +6 ring of dexterity
HPRegen 0.35/turn    F - ring of magical power
MPRegen 0.23/turn

%: reflection
@: ice-armoured, freezing walls, very slow
A: AC +3, large, see invisible, deformed body, poison resistance, slowness 2,
spit poison 1, naga tail 1
a: Spit Poison, Renounce Religion, Bend Time, Temporal Distortion


You were on level 12 of the Dungeon.
You worshipped Cheibriados.
Cheibriados was most pleased with you.
You visited 1 branch of the dungeon, and saw 10 of its levels.
You also visited: Sewer.

You collected 694 gold pieces.

Inventory:

Hand Weapons
 e - a +2 short sword of draining
 j - a +2 short sword of flaming
 v - a +3 halberd of flaming (weapon)
 H - a +1 trident of flaming
 L - the +3 dagger "Hotilowk" {flame, Fly rPois Int+2}
   (You found it on level 7 of the Dungeon)

   Int+2:     It affects your intelligence (+2).
   rPois:     It protects you from poison.
   Fly:       It grants you flight.
Missiles
 C - 4 silver javelins
Armour
 a - a +0 robe
 f - the +1 helmet "Cus Alia" (worn) {Int+3 Stlth+}
   (You found it on level 2 of the Dungeon)

   Int+3:     It affects your intelligence (+3).
   Stlth+:    It makes you more stealthy.
 g - a +0 buckler
 s - a +2 robe of cold resistance (worn)
 w - a +0 kite shield
 x - a +2 ring mail of poison resistance
 B - a +0 cloak (worn)
 G - a +0 pair of gloves (worn)
 K - +0 steam dragon scales
Jewellery
 i - an amulet of faith
 k - a +6 ring of dexterity (left hand)
 z - an amulet of reflection (around neck)
 F - a ring of magical power (right hand)
 I - a +6 ring of intelligence
 J - an amulet of magic regeneration
Wands
 n - a wand of flame (26)
 p - a wand of paralysis (13)
Scrolls
 c - 4 scrolls of teleportation
 r - 2 scrolls of identify
 t - 2 scrolls of noise
 y - a scroll of fear
 D - 3 scrolls of blinking
 E - a scroll of immolation
 M - a scroll of revelation
 N - a scroll of fog {unknown}
Potions
 b - a potion of magic
 d - 3 potions of lignification
 h - 3 potions of curing
 l - 4 potions of mutation
 m - 4 potions of might
 o - 2 potions of heal wounds
 q - a potion of ambrosia {unknown}
 u - a potion of cancellation {unknown}
 A - a potion of berserk rage {unknown}
 O - a potion of enlightenment {unknown}


   Skills:
 - Level 5.0 Fighting
 - Level 1.5 Dodging
 - Level 3.0 Stealth
 + Level 8.4 Spellcasting
 - Level 4.0 Summonings
 * Level 13.4 Ice Magic


You had 16 spell levels left.
You knew the following spells:

 Your Spells              Type           Power      Damage    Failure   Level
a - Freeze                Ice            100%       1d10      1%          1
b - Frozen Ramparts       Ice            100%       1d16      1%          3
c - Ozocubu's Armour      Ice            74%        N/A       1%          3
d - Summon Ice Beast      Ice/Summ       58%        N/A       1%          3

Your spell library contained the following spells:

 Spells                   Type           Power      Damage    Failure   Level
 Sting                    Conj/Alch      48%        1d6       4%          1
 Mercury Vapours          Alch/Air       24%        N/A       7%          2
 Olgreb's Toxic Radiance  Alch           12%        N/A       41%         4
 Vhi's Electric Charge    Tloc/Air       24%        N/A       41%         4
 Arcjolt                  Conj/Air       6%         1d16      77%         5
 Plasma Beam              Fire/Air       6%         2x1d16    100%        6


Dungeon Overview and Level Annotations

Branches:
Dungeon (9/15)             Temple (0/1) D:6            Lair (0/5) D:9
  Sewer (visited)
    Orc: D:9-12

Altars:
Cheibriados
Elyvilon
Gozag
Hepliaklqana
Kikubaaqudgha
Makhleb
Ru
Zin

Shops:
D:2 :   D:5 [


Innate Abilities, Weirdness & Mutations

Your serpentine skin is tough. (AC +3)
You have supernaturally acute eyesight. (SInv)
Armour fits poorly on your strangely shaped body.
Your system is resistant to poisons. (rPois)
You cover ground very slowly.
You can spit poison.
You have a snake-like lower body.


Message History

Casting: Ozocubu's Armour (safe; 1% risk of failure)
Confirm with . or Enter, or press ? or * to list all spells.
Casting: Frozen Ramparts (safe; 1% risk of failure)
Press: ? - help, Dir - look around, f - activate The walls around you are covered in ice.
The wall freezes the slime creature.
The slime creature hits you!
* * * LOW HITPOINT WARNING * * *
The slime creature hits you but does no damage.
Casting: Frozen Ramparts (safe; 1% risk of failure)
Confirm with . or Enter, or press ? or * to list all spells.
Aiming: Freeze (safe; 1% risk of failure)
Press: ? - help, Shift-Dir - straight line, f - slime creature
Aim: a slime creature (lightly wounded)
You freeze the slime creature.
The slime creature is lightly wounded.
The wall freezes the slime creature.
The slime creature hits you but does no damage.
The slime creature hits you!
* * * LOW HITPOINT WARNING * * *
Casting: Freeze (safe; 1% risk of failure)
Confirm with . or Enter, or press ? or * to list all spells.
Aiming: Freeze (safe; 1% risk of failure)
Press: ? - help, Shift-Dir - straight line, f/p - slime creature
Aim: a slime creature (lightly wounded)
You freeze the slime creature.
The slime creature is lightly wounded.
The wall freezes the slime creature.
The slime creature hits you but does no damage.
The slime creature hits you.
* * * LOW HITPOINT WARNING * * *
Casting: Freeze (safe; 1% risk of failure)
Confirm with . or Enter, or press ? or * to list all spells.
Aiming: Freeze (safe; 1% risk of failure)
Press: ? - help, Shift-Dir - straight line, f/p - slime creature
Aim: a slime creature (lightly wounded)
You freeze the slime creature.
The slime creature is moderately wounded.
The wall freezes the slime creature.
The slime creature hits you!
You die...
Cheibriados appreciates the motionlessness of death.

##...........#
#...........#
#...........#
#...........#
#...>.#+###.
#.....# #.#+#
####.....#
#....
#......###
#.... #@.....#
+.... #JJ....#
#.... #......#
#.... #......#
#.... #......#
#.... #......+
#.... #......#
#.... #####..#
####.... ...
........


You could see 2 slime creatures.

Vanquished Creatures
  2 two-headed ogres
  A deep elf pyromancer (D:8)
  Maggie (D:7)
  A kobold demonologist (D:8)
  A komodo dragon (D:12)
  A hornet (D:9)
  Sigmund (D:3)
  Eustachio (D:6)
  3 slime creatures
  Menkaure (D:4)
  2 water moccasins
  Duvessa (D:5)
  2 ice beasts
  A sky beast (D:6)
  2 orc warriors
  3 black bears
  2 ogres (D:5)
  A centaur (D:8)
  Blork the orc (D:6)
  3 gnoll sergeants
  4 scorpions
  3 bullfrogs
  8 wights
  Dowan (D:5)
  4 killer bees (D:8)
  A howler monkey (D:8)
  2 bombardier beetles
  An orc priest (D:8)
  2 hounds
  Crazy Yiuf (D:6)
  A gnoll bouda (D:5)
  5 jellies
  4 iguanas
  2 sleepcaps
  Natasha (thrice) (D:3)
  A human skeleton (D:5)
  4 orc wizards
  A hound skeleton (D:5)
  17 gnolls
  6 adders
  A shadow imp (D:5)
  2 white imps (D:8)
  2 ufetubi (D:5)
  4 dart slugs
  2 ribbon worms (D:5)
  21 orcs
  A bat zombie (D:3)
  9 endoplasms
  7 giant cockroaches
  7 goblins
  8 hobgoblins
  8 jackals
  8 kobolds
  4 quokkas (D:3)
  9 ball pythons
  10 bats
  6 frilled lizards
  A frilled lizard zombie (D:3)
  7 rats
219 creatures vanquished.

Vanquished Creatures (collateral kills)
  2 slime creatures (D:12)
  A water moccasin (D:9)
  An orc warrior (D:9)
  A gnoll (D:9)
5 creatures vanquished.

Grand Total: 224 creatures vanquished

Notes
Turn   | Place    | Note
-------+----------+-------------------------------------------
     0 | D:1      | Autsider the Naga Ice Elementalist began the quest for the
                  | Orb.
     0 | D:1      | Reached XP level 1. HP: 15/15 MP: 3/3
   139 | D:1      | Reached XP level 2. HP: 11/22 MP: 1/5
   454 | D:1      | Reached XP level 3. HP: 17/28 MP: 3/6
   485 | D:1      | Learned a level 3 spell: Frozen Ramparts
   521 | D:1      | Reached skill level 5 in Ice Magic
  1087 | D:2      | Found Voyfang's Book Shop.
  1139 | D:2      | Reached XP level 4. HP: 36/36 MP: 2/7
  1143 | D:2      | Learned a level 3 spell: Ozocubu's Armour
  1244 | D:2      | Reached skill level 1 in Fighting
  1244 | D:2      | Reached XP level 5. HP: 34/44 MP: 2/8
  1303 | D:2      | Identified the +1 helmet "Cus Alia" {Int+3 Stlth+}
  1653 | D:3      | Noticed Natasha
  1654 | D:3      | Found an ancient bone altar of Kikubaaqudgha.
  1661 | D:3      | Killed Natasha
  1662 | D:3      | Reached skill level 6 in Ice Magic
  1724 | D:3      | Noticed Natasha
  1733 | D:3      | Killed Natasha
  1764 | D:3      | Noticed Natasha
  1770 | D:3      | Killed Natasha
  1854 | D:3      | Reached XP level 6. HP: 30/52 MP: 7/10
  1858 | D:3      | Learned a level 3 spell: Summon Ice Beast
  1886 | D:3      | Found a white marble altar of Elyvilon.
  1973 | D:3      | Noticed Sigmund
  1989 | D:3      | Killed Sigmund
  1990 | D:3      | Reached skill level 1 in Summonings
  2043 | D:3      | Found a glowing drain.
  2058 | Sewer    | Entered a sewer
  2136 | Sewer    | Reached XP level 7. HP: 61/61 MP: 7/11
  2219 | Sewer    | Found a shimmering altar of Xom.
  3034 | D:4      | Reached skill level 7 in Ice Magic
  3246 | D:4      | Noticed Menkaure
  3258 | D:4      | Killed Menkaure
  3779 | D:5      | Entered Level 5 of the Dungeon
  3779 | D:5      | Noticed Duvessa
  3779 | D:5      | Noticed Dowan
  3908 | D:5      | Reached XP level 8. HP: 46/69 MP: 6/13
  3965 | D:5      | Found Ylauma's Antique Armour Emporium.
  4018 | D:5      | Killed Duvessa
  4042 | D:5      | Killed Dowan
  4072 | D:5      | Reached skill level 8 in Ice Magic
  4214 | D:5      | Found Raquteag's Assorted Antiques.
  4451 | D:5      | Found a burning altar of Makhleb.
  4898 | D:5      | Found a snail-covered altar of Cheibriados.
  4913 | D:5      | Became a worshipper of Cheibriados the Contemplative
  4979 | D:6      | Noticed Blork the orc
  4987 | D:6      | Killed Blork the orc
  4998 | D:6      | Found an opulent altar of Gozag.
  5031 | D:6      | Reached XP level 9. HP: 75/79 MP: 16/16
  5080 | D:6      | Reached skill level 5 in Spellcasting
  5080 | D:6      | Reached skill level 9 in Ice Magic
  5239 | D:6      | Reached skill level 5 in Fighting
  5428 | D:6      | Found a staircase to the Ecumenical Temple.
  5463 | D:6      | Noticed Eustachio
  5470 | D:6      | Killed Eustachio
  5507 | D:6      | Found a runed translucent door.
  5508 | D:6      | Noticed Crazy Yiuf
  5541 | D:6      | Found a sacrificial altar of Ru.
  5801 | D:6      | Killed Crazy Yiuf
  5801 | D:6      | Reached * piety under Cheibriados
  5907 | D:7      | Reached skill level 10 in Ice Magic
  6291 | D:7      | Found a hazy altar of Hepliaklqana.
  6385 | D:7      | Identified the +3 dagger "Hotilowk" {flame, Fly rPois
                  | Int+2}
  6768 | D:7      | Noticed Maggie
  6772 | D:7      | Killed Maggie
  6773 | D:7      | Reached XP level 10. HP: 88/88 MP: 19/19
  6947 | D:8      | Reached skill level 11 in Ice Magic
  7018 | D:8      | Reached ** piety under Cheibriados
  7095 | D:8      | Found a flagged portal.
  7143 | D:8      | Noticed a kobold demonologist
  7148 | D:8      | Found a glowing silver altar of Zin.
  7211 | D:8      | Noticed an orange demon
  7218 | D:8      | Killed a kobold demonologist
  7531 | D:8      | Noticed a two-headed ogre
  7539 | D:8      | Killed a two-headed ogre
  7540 | D:8      | Reached skill level 12 in Ice Magic
  7717 | D:8      | Noticed a deep elf pyromancer
  7722 | D:8      | Killed a deep elf pyromancer
  7898 | D:9      | Noticed a two-headed ogre
  7914 | D:9      | Killed a two-headed ogre
  7914 | D:9      | Reached *** piety under Cheibriados
  8254 | D:9      | Reached XP level 11. HP: 94/94 MP: 23/23
  8350 | D:9      | Reached skill level 13 in Ice Magic
  8617 | D:9      | Found a staircase to the Lair.
  8714 | D:9      | You fall into a shaft and drop 3 floors!
  8717 | D:12     | Noticed a manticore
  8926 | D:12     | HP: 4/94 [slime creature (7)]
  8928 | D:12     | Slain by a slime creature

Illustrated notes

Levels and vault maps discovered:
D:1:      scummos_arrival_simple_fountains, layout_basic
D:2:      layout_rooms, serial_shops, nicolae_shop_hallway_stairs,
          chequers_garden
D:3:      layout_loops_corners, mainiacjoe_overflow_small_starburst,
          lemuel_zombie_altar_kikubaaqudgha, portal_sewer_entry_f, uniq_natasha,
          uniq_sigmund
D:4:      layout_basic, chequers_mini_garden, uniq_menkaure
D:5:      layout_cave_pods, makhleb_blood_cavern_becter,
          cheibrodos_worm_habitat, serial_shops, shop, nicolae_wooded_promenade,
          uniq_duvessa
D:6:      layout_basic, grunt_gozag_breadcrumbs,
          mainiacjoe_overflow_surrounded_room, temple_doors_ab,
          chequers_serial_rivers_small_b, uniq_blork_the_orc, uniq_eustachio,
          uniq_crazy_yiuf_cottage
D:7:      layout_loops_ring, lemuel_coloured_pillars_altar, uniq_maggie
D:8:      minmay_distorted_concentric_squares, layout_loops_cross,
          mainiacjoe_overflow_concentric_impassable, serial_glass,
          glass_columns_a, glass_columns_b, enter_bailey_5,
          kennysheep_generic_room_8
D:9:      layout_gridville, lair_entry_dummy
D:12:     layout_irregular_city, orc_0_dummy, chequers_serial_rivers_small_b

Skill      XL: |  1  2  3  4  5  6  7  8  9 10 11 |
---------------+----------------------------------+-----
Ice Magic      | 5 6 7 8 10 12 13 | 13.4
Fighting       | 1 2 3 4 5 |  5.0
Spellcasting   | 3 4 6 8 |  8.4
Summonings     | 1 2 4 |  4.0
Dodging        | |  1.5
Stealth        | |  3.0

Action                     |  1- 3 |  4- 6 |  7- 9 | 10-12 || total
---------------------------+-------+-------+-------+-------++-------
  Melee: Unarmed           |    50 |       |       |       ||    50
         Short sword       |       |    58 |    46 |       ||   104
         Halberd           |       |       |   112 |   119 ||   231
   Cast: Freeze            |    37 |    25 |    30 |    15 ||   107
         Frozen Ramparts   |     3 |     8 |    23 |    13 ||    47
         Ozocubu's Armour  |       |     3 |    16 |    13 ||    32
         Summon Ice Beast  |       |       |     1 |     6 ||     7
Ability: Spit Poison       |     1 |       |       |       ||     1
    Use: Scroll            |       |     2 |     9 |     6 ||    17
   Stab: Sleeping          |     2 |     5 |     9 |     3 ||    19
         Distracted        |       |     1 |     1 |     1 ||     3
 Armour: Robe              |    73 |    43 |   152 |   133 ||   401
  Dodge: Dodged            |    57 |    30 |    84 |    63 ||   234
  Block: Other             |       |       |    11 |    24 ||    35
         Reflection        |       |       |       |     3 ||     3

Table legend: (Time is in decaauts)
 A = Elapsed time spent in this place.
 B = Non-inter-level travel time spent in this place.
 C = Inter-level travel time spent in this place.
 D = Time resting spent in this place.
 E = Time spent auto-exploring this place.
 F = Levels seen in this place.
 G = Mean time per level.
                   A        B        C        D        E       F      G
               +--------+--------+--------+--------+--------+-----+--------+
         Total |  13728 |  12343 |   1385 |    826 |   9069 |  11 | 1248.0 |
       Dungeon |  13404 |  12019 |   1385 |    793 |   8919 |  10 | 1340.4 |
         Sewer |    323 |    323 |      0 |     33 |    150 |   1 |  323.0 |
               +--------+--------+--------+--------+--------+-----+--------+

Top non-repeatable levels by time:
     D:7: 1910 daAuts
     D:8: 1859 daAuts
     D:9: 1545 daAuts
     D:5: 1533 daAuts
     D:6: 1518 daAuts
     D:1: 1403 daAuts
     D:3: 1358 daAuts
     D:4: 1307 daAuts
     D:2: 635 daAuts
    D:12: 331 daAuts
   Sewer: 323 daAuts
